 Dungeon Crawl Stone Soup version 0.21-a0-91-ga5031da (webtiles) character file.

95 4thArraOfDagon the Chopper (level 4, -1/35 HPs)
             Began as a Mummy Fighter on June 29, 2017.
             Was an Initiate of Ashenzari.
             Slain by a shadow imp (5 damage)
             ... on level 5 of the Dungeon.
             The game lasted 00:02:33 (832 turns).

4thArraOfDagon the Chopper (Mummy Fighter)           Turns: 832, Time: 00:02:34

Health: -1/35      AC:  6    Str: 19    XL:     4   Next: 40%
Magic:  4/4        EV:  7    Int:  8    God:    Ashenzari [......]
Gold:   27         SH:  8    Dex: 11    Spells: 3/3 levels left

rFire    x . .     SeeInvis .   a - +0 war axe
rCold    + . .     Gourm    .   c - +0 shield
rNeg     + + +     Faith    .   b - +0 scale mail
rPois    ∞         Spirit   .   (no helmet)
rElec    .         Reflect  .   (no cloak)
rCorr    .         Harm     .   (no gloves)
MR       .....                  (no boots)
Stlth    ..........             (no amulet)
HPRegen  0.11/turn              (no ring)
MPRegen  0.09/turn              (no ring)

@: no status effects
A: no food or potions, fire vulnerability, cold resistance 1, negative energy
resistance 3, torment resistance, unbreathing
a: Curse Item, Renounce Religion


You were on level 5 of the Dungeon.
You worshipped Ashenzari.
Ashenzari was noncommittal.
You were not hungry.

You visited 1 branch of the dungeon, and saw 5 of its levels.

You collected 27 gold pieces.

Inventory:

Hand Weapons
 a - a +0 war axe (weapon)
Armour
 b - a +0 scale mail (worn)
 c - a +0 shield (worn)
Wands
 d - a wand of iceblast (7/15)


   Skills:
 - Level 3.0 Fighting
 * Level 3.9 Axes
 - Level 2.4 Armour
 - Level 2.4 Shields


You had 3 spell levels left.
You didn't know any spells.

Dungeon Overview and Level Annotations

Branches:
Dungeon (5/15)
 Temple: D:4-7

Altars:
Ashenzari


Innate Abilities, Weirdness & Mutations

You do not eat or drink.
Your flesh is vulnerable to fire.
You are immune to poison.
Your flesh is cold resistant. (rC+)
You are immune to negative energy. (rN+++)
You are immune to unholy pain and torment.
You can survive without breathing.


Message History

Unknown command.
Press < or > to pray at altars.
Unknown command.
Press < or > to pray at altars.
Unknown command.
Press < or > to pray at altars.
Unknown command.
Press < or > to pray at altars.
Unknown command.
Press < or > to pray at altars.
You aren't carrying any spellbooks or scrolls.
Evoke which item? (* to show all) (? for menu, Esc to quit)
Aiming: Iceblast (will waste charges)
Press: ? - help, Shift-Dir - straight line, f - centaur
Aim: a centaur, wielding a shortbow The mass of ice explodes!
The iceblast engulfs the centaur.
The centaur is almost dead.
Evoking this partially-identified wand wasted a few charges.
The centaur shoots an arrow.
You block the arrow. The shadow imp hits you.
You die...

..... ..... ..... ...
O.... ...### ###
....... ...⌠.##+##.⌠#
.##.....
...o........#
##...... #........#
##...... #.......#
#....... +..5@...+
.....#.. #..s....#
....##..#####.(.....#
...##
#....O.......c.#
..O##
##...#⌠.##+##.⌠..
....####...####.
#.#..
#.....#..Y.......
....
##............#.. #.
##....##..##..#


You could see an ogre, a centaur, an orc priest, a shadow imp and a giant
cockroach.

Vanquished Creatures
  An iguana (D:4)
  A worker ant (D:4)
  An adder (D:2)
  A dart slug (D:4)
  2 leopard geckos (D:1)
  2 bats (D:1)
  3 giant cockroaches
  4 goblins (D:1)
  2 hobgoblins
  2 jackals (D:2)
  4 frilled lizards (D:1)
  8 kobolds
  2 rats (D:1)
33 creatures vanquished.

Notes
Turn   | Place    | Note
-------+----------+-------------------------------------------
     0 | D:1      | 4thArraOfDagon the Mummy Fighter began the quest for the Orb.
     0 | D:1      | Reached XP level 1. HP: 18/18 MP: 1/1
    46 | D:1      | Reached XP level 2. HP: 19/24 MP: 2/2
   355 | D:2      | Reached XP level 3. HP: 27/29 MP: 3/3
   498 | D:4      | Reached XP level 4. HP: 33/35 MP: 4/4
   790 | D:5      | Entered Level 5 of the Dungeon
   790 | D:5      | Noticed a sky beast
   790 | D:5      | Noticed an ogre
   790 | D:5      | Noticed a centaur
   800 | D:5      | Noticed a sky beast
   823 | D:5      | Found a shattered altar of Ashenzari.
   831 | D:5      | Became a worshipper of Ashenzari the Shackled
   832 | D:5      | Slain by a shadow imp

Vault maps used:
D:1:      erik_arrival_gehennom
D:3:      kennysheep_six_static_rooms, first_bread, uniq_robin
D:5:      mumra_celtic_spiral_tile, evilmike_ruin_ashenzari, uniq_ijyb

Skill      XL: |  1  2 |
---------------+-------+-----
Axes           | 2 3 |  3.9
Fighting       | |  3.0
Armour         | |  2.4
Shields        | |  2.4

Action                   |  1- 3 |  4- 6 || total
-------------------------+-------+-------++-------
Melee: War axe           |    97 |    13 ||   110
Evoke: Wand              |       |     1 ||     1
  Use: Scroll            |     4 |       ||     4
Armor: Scale mail        |    47 |     7 ||    54
Dodge: Dodged            |    34 |     4 ||    38
Block: Shield            |    32 |    12 ||    44
